[ AOE2 MATCH · #506391522 ]
UnrankedMuisca vs Franks
Player's team · WIN
Rival team · LOSS
[ REPLAY ANALYSIS · EXTRACTED FROM THE RECORDED GAME ]
Feudal
9:17
Castle
25:01
Imperial
—
| APM avg | 43.5 |
| APM peak | 90 |
| eAPM avg | 24.2 |
| Villagers / military | 103 / 7 |
Focus
⚔️ 27.0% · 🌾 73.0%
Unknown (2550) ×38 · Archer ×6 · Monk ×1
Feudal
8:47
Castle
29:27
Imperial
—
| APM avg | 51.3 |
| APM peak | 92 |
| eAPM avg | 25.4 |
| Villagers / military | 63 / 42 |
Focus
⚔️ 33.0% · 🌾 67.0%
Archer ×30 · Skirmisher ×8 · Mangonel ×2 · Spearman ×1 · Battering Ram ×1
Match map
Initial resources + every placement click. Lines = walls · curves = elevation contours. ◆ gold · ⬟ stone · ● berries · ✦ relic · ◌ wall gap
Your base· Open — unwalled flank
HK | Foko_89's base· Open — 8t gap
Smoothed initial terrain · ◌ = detected wall gap · hover for details
Inputs per minute
— 6 - - HK | Foko_89
Build order — 6
First 150 of 206 actions detected
| 0:01 | Queue | Villager (Male) |
| 0:01 | Queue | Villager (Male) |
| 0:02 | Build | House |
| 0:03 | Build | House |
| 0:13 | Queue | Villager (Male) |
| 0:13 | Queue | Villager (Male) |
| 0:13 | Queue | Villager (Male) |
| 1:34 | Queue | Villager (Male) |
| 1:34 | Queue | Villager (Male) |
| 1:55 | Queue | Villager (Male) |
| 2:18 | Queue | Villager (Male) |
| 2:18 | Queue | Villager (Male) |
| 2:25 | Build | Settlement |
| 2:46 | Queue | Villager (Male) |
| 2:46 | Queue | Villager (Male) |
| 2:59 | Queue | Villager (Male) |
| 3:00 | Queue | Villager (Male) |
| 3:16 | Queue | Villager (Male) |
| 3:16 | Queue | Villager (Male) |
| 3:56 | Queue | Villager (Male) |
| 3:57 | Queue | Villager (Male) |
| 3:57 | Queue | Villager (Male) |
| 4:26 | Build | Settlement |
| 4:42 | Queue | Villager (Male) |
| 4:42 | Queue | Villager (Male) |
| 4:48 | Queue | Villager (Male) |
| 4:48 | Queue | Villager (Male) |
| 5:02 | Queue | Villager (Male) |
| 5:22 | Research | Loom |
| 7:07 | Research | Feudal Age |
| 7:07 | Research | Feudal Age |
| 7:07 | Research | Feudal Age |
| 7:20 | Build | Barracks |
| 8:27 | Queue | Unit 2550 |
| 8:27 | Queue | Unit 2550 |
| 8:29 | Build | House |
| 8:31 | Build | House |
| 8:59 | Queue | Unit 2550 |
| 9:16 | Queue | Villager (Male) |
| 9:17 | Age | Feudal Age |
| 9:23 | Research | Tech 1402 |
| 9:24 | Research | Tech 1402 |
| 9:29 | Queue | Villager (Male) |
| 9:38 | Build | Settlement |
| 9:51 | Queue | Villager (Male) |
| 10:13 | Build | Watch Tower |
| 10:19 | Queue | Villager (Male) |
| 10:24 | Research | Double-Bit Axe |
| 10:26 | Queue | Villager (Male) |
| 10:56 | Queue | Unit 2550 |
| 11:16 | Queue | Villager (Male) |
| 11:18 | Build | Farm |
| 11:26 | Build | Watch Tower |
| 11:28 | Queue | Villager (Male) |
| 11:31 | Build | Farm |
| 11:32 | Queue | Villager (Male) |
| 11:36 | Build | House |
| 11:54 | Build | House |
| 11:59 | Build | Farm |
| 12:35 | Queue | Villager (Male) |
| 12:38 | Build | Farm |
| 12:47 | Queue | Unit 2550 |
| 12:47 | Queue | Unit 2550 |
| 12:48 | Queue | Unit 2550 |
| 13:01 | Build | Settlement |
| 13:11 | Queue | Villager (Male) |
| 13:14 | Build | Farm |
| 13:21 | Build | Farm |
| 13:21 | Queue | Villager (Male) |
| 13:48 | Queue | Unit 2550 |
| 13:48 | Queue | Unit 2550 |
| 14:17 | Queue | Villager (Male) |
| 14:18 | Queue | Villager (Male) |
| 14:18 | Queue | Villager (Male) |
| 14:20 | Build | Farm |
| 14:22 | Build | Farm |
| 14:37 | Queue | Villager (Male) |
| 14:45 | Build | Watch Tower |
| 14:55 | Queue | Villager (Male) |
| 14:59 | Build | Blacksmith |
| 15:02 | Research | Horse Collar |
| 15:38 | Queue | Villager (Male) |
| 15:39 | Queue | Unit 2550 |
| 15:39 | Queue | Unit 2550 |
| 16:50 | Queue | Villager (Male) |
| 16:51 | Queue | Villager (Male) |
| 17:03 | Queue | Villager (Male) |
| 17:08 | Research | Fletching |
| 17:47 | Queue | Unit 2550 |
| 17:47 | Queue | Unit 2550 |
| 18:00 | Build | Watch Tower |
| 18:09 | Build | House |
| 18:19 | Queue | Villager (Male) |
| 18:20 | Queue | Villager (Male) |
| 18:22 | Queue | Unit 2550 |
| 18:22 | Queue | Unit 2550 |
| 18:35 | Queue | Unit 2550 |
| 18:36 | Queue | Unit 2550 |
| 18:40 | Build | Farm |
| 18:42 | Build | Farm |
| 18:43 | Queue | Villager (Male) |
| 19:23 | Build | Watch Tower |
| 19:27 | Queue | Villager (Male) |
| 19:30 | Queue | Unit 2550 |
| 19:30 | Queue | Unit 2550 |
| 19:30 | Queue | Unit 2550 |
| 19:36 | Build | Market |
| 19:46 | Queue | Unit 2550 |
| 19:46 | Queue | Unit 2550 |
| 19:55 | Build | Archery Range |
| 19:57 | Queue | Villager (Male) |
| 20:05 | Build | Farm |
| 20:07 | Build | Farm |
| 20:09 | Build | Farm |
| 20:11 | Build | Farm |
| 20:27 | Queue | Villager (Male) |
| 20:30 | Research | Town Watch |
| 20:35 | Build | House |
| 20:36 | Build | House |
| 20:53 | Build | Settlement |
| 20:56 | Queue | Archer |
| 20:56 | Queue | Archer |
| 21:04 | Queue | Villager (Male) |
| 21:15 | Build | Farm |
| 21:15 | Build | Farm |
| 21:16 | Queue | Villager (Male) |
| 22:21 | Research | Castle Age |
| 22:27 | Queue | Archer |
| 22:58 | Build | Watch Tower |
| 23:15 | Build | Watch Tower |
| 23:18 | Queue | Villager (Male) |
| 23:22 | Research | Gold Mining |
| 23:28 | Queue | Unit 2550 |
| 23:28 | Queue | Unit 2550 |
| 23:28 | Queue | Unit 2550 |
| 23:36 | Queue | Archer |
| 23:36 | Queue | Archer |
| 23:37 | Queue | Archer |
| 23:47 | Build | Farm |
| 24:54 | Queue | Unit 2550 |
| 24:55 | Queue | Unit 2550 |
| 25:01 | Age | Castle Age |
| 25:02 | Queue | Unit 2550 |
| 25:20 | Build | Town Center |
| 25:23 | Queue | Villager (Male) |
| 25:27 | Queue | Villager (Male) |
| 25:40 | Research | Tech 1351 |
| 26:12 | Research | Bodkin Arrow |
| 26:24 | Build | House |
| 26:27 | Build | Monastery |
Build order — HK | Foko_89
First 150 of 192 actions detected
| 0:01 | Queue | Villager (Male) |
| 0:02 | Queue | Villager (Male) |
| 0:02 | Queue | Villager (Male) |
| 0:03 | Build | House |
| 0:05 | Build | House |
| 0:45 | Queue | Villager (Male) |
| 0:45 | Queue | Villager (Male) |
| 1:25 | Queue | Villager (Male) |
| 1:48 | Build | Lumber Camp |
| 2:06 | Queue | Villager (Male) |
| 2:07 | Queue | Villager (Male) |
| 2:29 | Queue | Villager (Male) |
| 2:29 | Queue | Villager (Male) |
| 2:56 | Queue | Villager (Male) |
| 2:56 | Queue | Villager (Male) |
| 3:18 | Queue | Villager (Male) |
| 3:28 | Build | House |
| 3:29 | Build | House |
| 3:41 | Queue | Villager (Male) |
| 3:41 | Queue | Villager (Male) |
| 4:00 | Queue | Villager (Male) |
| 4:01 | Queue | Villager (Male) |
| 4:31 | Queue | Villager (Male) |
| 4:31 | Queue | Villager (Male) |
| 4:46 | Build | Mill |
| 4:51 | Queue | Villager (Male) |
| 4:52 | Queue | Villager (Male) |
| 4:52 | Queue | Villager (Male) |
| 5:26 | Research | Loom |
| 6:37 | Research | Feudal Age |
| 6:38 | Research | Feudal Age |
| 6:38 | Research | Feudal Age |
| 7:13 | Build | Barracks |
| 8:12 | Build | House |
| 8:14 | Build | Palisade Wall |
| 8:47 | Age | Feudal Age |
| 8:54 | Build | Blacksmith |
| 8:55 | Build | House |
| 9:09 | Queue | Villager (Male) |
| 9:10 | Queue | Spearman |
| 9:12 | Research | Double-Bit Axe |
| 9:12 | Research | Double-Bit Axe |
| 9:13 | Queue | Villager (Male) |
| 9:20 | Build | Palisade Wall |
| 9:48 | Queue | Villager (Male) |
| 9:53 | Build | Palisade Wall |
| 9:58 | Queue | Villager (Male) |
| 10:03 | Build | Palisade Wall |
| 10:10 | Queue | Villager (Male) |
| 10:26 | Build | Watch Tower |
| 10:33 | Build | House |
| 10:34 | Queue | Villager (Male) |
| 11:17 | Queue | Villager (Male) |
| 11:21 | Build | Archery Range |
| 11:23 | Queue | Villager (Male) |
| 11:44 | Build | Mining Camp |
| 12:06 | Build | House |
| 12:38 | Queue | Archer |
| 12:49 | Research | Fletching |
| 12:49 | Research | Fletching |
| 12:51 | Queue | Skirmisher |
| 12:51 | Queue | Skirmisher |
| 12:59 | Build | Watch Tower |
| 13:04 | Build | House |
| 13:10 | Build | Palisade Gate |
| 13:20 | Queue | Villager (Male) |
| 14:05 | Queue | Villager (Male) |
| 14:20 | Build | House |
| 14:27 | Build | Palisade Wall |
| 14:39 | Build | Lumber Camp |
| 14:52 | Build | Watch Tower |
| 14:54 | Queue | Villager (Male) |
| 14:58 | Queue | Skirmisher |
| 15:33 | Queue | Villager (Male) |
| 15:47 | Build | Mining Camp |
| 16:30 | Queue | Skirmisher |
| 17:30 | Queue | Skirmisher |
| 17:30 | Queue | Skirmisher |
| 17:42 | Queue | Villager (Male) |
| 17:42 | Queue | Villager (Male) |
| 17:47 | Build | Palisade Wall |
| 17:53 | Build | House |
| 17:57 | Build | Mill |
| 18:05 | Queue | Skirmisher |
| 18:05 | Queue | Skirmisher |
| 18:16 | Build | Watch Tower |
| 18:20 | Queue | Villager (Male) |
| 18:20 | Queue | Villager (Male) |
| 18:21 | Queue | Villager (Male) |
| 19:06 | Build | Farm |
| 19:09 | Build | Farm |
| 19:33 | Queue | Archer |
| 19:42 | Build | Market |
| 19:47 | Build | Farm |
| 19:47 | Build | Farm |
| 19:48 | Build | Farm |
| 20:05 | Queue | Archer |
| 20:06 | Queue | Archer |
| 20:06 | Queue | Archer |
| 20:39 | Build | Watch Tower |
| 20:43 | Build | Archery Range |
| 20:46 | Queue | Archer |
| 20:46 | Queue | Archer |
| 21:42 | Queue | Villager (Male) |
| 21:44 | Queue | Villager (Male) |
| 21:44 | Queue | Villager (Male) |
| 21:46 | Build | Farm |
| 21:46 | Build | Farm |
| 21:49 | Queue | Archer |
| 22:17 | Queue | Archer |
| 22:36 | Queue | Villager (Male) |
| 22:43 | Build | Watch Tower |
| 22:45 | Build | Watch Tower |
| 22:53 | Build | Farm |
| 22:57 | Build | Farm |
| 22:58 | Build | Farm |
| 23:00 | Build | Farm |
| 23:04 | Queue | Archer |
| 23:15 | Queue | Villager (Male) |
| 23:17 | Build | Farm |
| 23:26 | Build | Farm |
| 23:35 | Queue | Archer |
| 23:36 | Queue | Archer |
| 23:36 | Queue | Archer |
| 23:45 | Build | Farm |
| 23:59 | Queue | Villager (Male) |
| 24:03 | Build | Farm |
| 24:07 | Build | Farm |
| 24:40 | Queue | Villager (Male) |
| 24:41 | Queue | Archer |
| 24:41 | Queue | Archer |
| 25:00 | Queue | Villager (Male) |
| 25:02 | Build | House |
| 25:03 | Build | House |
| 25:07 | Build | House |
| 25:07 | Build | House |
| 26:47 | Research | Castle Age |
| 26:48 | Research | Castle Age |
| 27:09 | Build | House |
| 27:11 | Build | House |
| 27:12 | Build | House |
| 27:34 | Research | Town Watch |
| 27:34 | Research | Town Watch |
| 28:04 | Queue | Archer |
| 28:05 | Queue | Archer |
| 28:06 | Queue | Archer |
| 28:06 | Queue | Archer |
| 28:07 | Queue | Archer |
| 28:43 | Build | Lumber Camp |
| 28:46 | Queue | Archer |
Match timeline
| 7:13 | HK | Foko_89 · first_building Barracks |
| 7:20 | 6 · first_building Barracks |
| 8:14 | HK | Foko_89 · wall_segment Palisade Wall x3 |
| 8:47 | HK | Foko_89 · age_up feudal |
| 9:17 | 6 · age_up feudal |
| 9:20 | HK | Foko_89 · wall_segment Palisade Wall x10 |
| 9:53 | HK | Foko_89 · wall_segment Palisade Wall x9 |
| 10:03 | HK | Foko_89 · wall_segment Palisade Wall x7 |
| 11:21 | HK | Foko_89 · first_building Archery Range |
| 14:27 | HK | Foko_89 · wall_segment Palisade Wall x1 |
| 17:47 | HK | Foko_89 · wall_segment Palisade Wall x1 |
| 19:55 | 6 · first_building Archery Range |
| 20:24 | 6 · first_market_sell 500 wood |
| 20:25 | 6 · first_market_buy 500 food |
| 25:01 | 6 · age_up castle |
| 26:15 | HK | Foko_89 · first_market_sell 500 wood |
| 26:17 | HK | Foko_89 · first_market_buy 500 food |
| 26:27 | 6 · first_building Monastery |
| 29:09 | 6 · first_building Castle |
| 29:27 | HK | Foko_89 · age_up castle |
| 29:31 | HK | Foko_89 · first_building Siege Workshop |
| 33:02 | HK | Foko_89 · wall_segment Palisade Wall x1 |
| 34:00 | 6 · first_building Siege Workshop |
| 35:03 | HK | Foko_89 · resign |
[ AI ANALYSIS · 1 CREDIT ]
What really happened in this match?
Wolo.gg analyzes every decision: build order, eco, micro, common mistakes by bracket. Personalized analysis on WhatsApp or Discord in 30 seconds.
Civ guide
Muisca
Perfil
Jugador #20686201